 Dungeon Crawl Stone Soup version 0.22-a0-422-g9628fc8 (webtiles) character file.

381 Ijustatesigmund the Ruffian (level 6, 0/93 HPs)
             Began as a Troll Fighter on May 16, 2018.
             Succumbed to a killer bee's poison
             ... on level 6 of the Dungeon.
             The game lasted 00:06:38 (3168 turns).

Ijustatesigmund the Ruffian (Troll Fighter)         Turns: 3168, Time: 00:06:38

Health: 0/93       AC: 23    Str: 25    XL:     6   Next: 46%
Magic:  5/5        EV:  1    Int:  4    God:
Gold:   134        SH:  9    Dex: 11    Spells: 5/5 levels left

rFire    . . .     SeeInvis .     - Unarmed
rCold    . . .     Gourm    +   b - +0 shield
rNeg     + + +     Faith    .   (armour currently unavailable)
rPois    +         Spirit   .   (helmet currently unavailable)
rElec    .         Reflect  .   (cloak currently unavailable)
rCorr    .         Harm     .   (gloves unavailable)
MR       .....     NoTele   +   (boots unavailable)
Stlth    +.........             (no amulet)
HPRegen  0.65/turn              (no ring)
MPRegen  0.09/turn              (no ring)

@: lethally poisoned (0 -> -5), tree-form
A: large, unfitting armour, blurry vision 1, fast metabolism 3, gourmand,
regeneration 1
a: no special abilities


You were on level 6 of the Dungeon.
You were full.
You were a tree.
You visited 1 branch of the dungeon, and saw 6 of its levels.

You collected 134 gold pieces.

Inventory:

Armour
 a - a +0 robe (melded)
 b - a +0 shield (worn)
Jewellery
 m - an uncursed ring of fire
Scrolls
 e - 2 scrolls of teleportation
 f - 2 scrolls of remove curse
 l - 2 scrolls of blinking
Potions
 k - a potion of invisibility
Comestibles
 d - 11 rations


   Skills:
 + Level 3.9 Fighting
 - Level 2.4 Dodging
 - Level 2.4 Shields
 + Level 5.9 Unarmed Combat


You had 5 spell levels left.
You didn't know any spells.
Your spell library was empty.

Dungeon Overview and Level Annotations

Branches:
Dungeon (6/15)             Temple (0/1) D:4

Altars:
Fedhas
Hepliaklqana
Okawaru
Qazlal
Ru
Sif Muna
Uskayaw
Yredelemnul

Annotations:
D:4 Ijustatesigmund's ghost, amateur TrFi


Innate Abilities, Weirdness & Mutations

You are too large for most types of armour.
((You have claws for hands.))
Your metabolism is lightning-fast.
You like to eat raw meat.
Your natural rate of healing is unusually fast.
((You are covered in fur. (AC +1)))
((You have very tough skin. (AC +2)))
((You have a pair of small antennae on your head.))
((You have sharp toenails.))
Scrolls take you a little longer to read.


Message History

* * * LOW HITPOINT WARNING * * *
You turn into a tree.
Your +0 robe melds into your body.
Your roots penetrate the ground.
* * * LOW HITPOINT WARNING * * *
You feel sick.
The killer bee stings you but does no damage.
You block the killer bee's attack. x2
The killer bee stings you but does no damage.
You pummel the killer bee!!
You kill the killer bee!
* * * LOW HITPOINT WARNING * * *
You feel sick. You block the killer bee's attack.
The killer bee stings you but does no damage.
You smack the killer bee!
The killer bee is almost dead.
* * * LOW HITPOINT WARNING * * *
You feel sick. You block the killer bee's attack. x2
You smack the killer bee!
You kill the killer bee!
You die...

.# #.
#.#
#.#
#.#
#.#
#.#
#.#
#.#
#%#
#.#
#.#
#.#.#
#♣#
#.#†#
#.#
#.#
#)#
#.#
#.#
#.#
#.#
#.#
## ##


There were no monsters in sight!

Vanquished Creatures
  2 killer bees (D:6)
  Terence (D:2)
  2 worker ants (D:4)
  11 gnolls
  4 adders
  An ooze (D:3)
  An adder skeleton (D:4)
  A dart slug (D:3)
  3 leopard geckos
  4 orcs
  3 ball pythons
  3 giant cockroaches
  7 hobgoblins
  3 quokkas
  8 bats
  2 frilled lizards
  8 goblins
  5 kobolds
  4 rats
73 creatures vanquished.

Notes
Turn   | Place    | Note
-------+----------+-------------------------------------------
     0 | D:1      | Ijustatesigmund the Troll Fighter began the quest for the Orb.
     0 | D:1      | Reached XP level 1. HP: 22/22 MP: 0/0
   340 | D:1      | Reached XP level 2. HP: 29/29 MP: 1/1
   427 | D:1      | Reached skill level 3 in Unarmed Combat
   704 | D:2      | Reached XP level 3. HP: 33/36 MP: 2/2
   732 | D:2      | Found an iron altar of Okawaru.
   852 | D:2      | Found a basalt altar of Yredelemnul.
   924 | D:2      | Reached skill level 4 in Unarmed Combat
   926 | D:2      | Found a hazy altar of Hepliaklqana.
  1019 | D:2      | Noticed Terence
  1027 | D:2      | Killed Terence
  1027 | D:2      | Reached XP level 4. HP: 42/44 MP: 3/3
  1201 | D:2      | Found a stormy altar of Qazlal.
  1238 | D:2      | Found a sacrificial altar of Ru.
  1606 | D:3      | Reached XP level 5. HP: 47/52 MP: 4/4
  1657 | D:3      | Reached skill level 5 in Unarmed Combat
  2270 | D:4      | Found a hide-covered altar of Uskayaw.
  2273 | D:4      | Noticed Ijustatesigmund's ghost (amateur TrFi)
  2440 | D:4      | Found a blossoming altar of Fedhas.
  2561 | D:4      | Found a staircase to the Ecumenical Temple.
  2863 | D:4      | Found a deep blue altar of Sif Muna.
  3056 | D:4      | Reached XP level 6. HP: 61/61 MP: 5/5
  3131 | D:5      | Entered Level 5 of the Dungeon
  3164 | D:6      | Gained mutation: You have a pair of small antennae on your head. [potion of mutation]
  3164 | D:6      | Gained mutation: Scrolls take you a little longer to read. [potion of mutation]
  3164 | D:6      | Gained mutation: You have sharp toenails. [potion of mutation]
  3164 | D:6      | HP: 2/61 [killer bee (8)]
  3168 | D:6      | Succumbed to a killer bee's poison

Vault maps used:
D:1:      dpeg_arrival_tiny_d, minmay_misc_feat_pillars, minmay_ruptured
D:2:      okawaru_altar_gauntlet_db, old_standard_altar, lemuel_doored_altar,
          nicolae_qazlal_general_emergency, overflow_temple_1_default,
          uniq_terence
D:4:      overflow_temple_1_default, eat_drink_and_be_merry_uskayaw,
          minmay_temple_entry_statues_pillars, first_ration, fedhas_altar_3
D:5:      chequers_temple_overflow_statue_of_worship, makhleb_heckhound_becter,
          hangedman_decor_growths, minmay_strange_pillars, uniq_grinder
D:6:      lightli_ossuary_entry_decrepit_ruins, uniq_edmund

Skill      XL: |  1  2  3  4  5 |
---------------+----------------+-----
Unarmed Combat | 3 4 5 |  5.9
Fighting       | 3 |  3.9
Dodging        | |  2.4
Shields        | |  2.4

Action                   |  1- 3 |  4- 6 || total
-------------------------+-------+-------++-------
Melee: Unarmed           |   107 |   133 ||   240
  Use: Potion            |       |     3 ||     3
       Scroll            |       |     9 ||     9
 Stab: Sleeping          |     1 |     1 ||     2
  Eat: Chunk             |    13 |    19 ||    32
Armor: Robe              |    42 |    24 ||    66
       Skin              |       |     3 ||     3
Dodge: Dodged            |    45 |    33 ||    78
Block: Shield            |    61 |    59 ||   120

Table legend:
 A = Spawn XP
 B = Non-spawn XP
 C = Spawn XP percentage of total XP
 D = Spawn monster count
 E = Non-spawn monster count
 F = Spawn count percentage of total count
 G = Total turns spent on level
                    A         B        C        D         E        F      G
               +---------+---------+-------+---------+---------+-------+---------
         Total |       0 |     545 |   0.0 |       0 |      73 |   0.0 |  3168
               +---------+---------+-------+---------+---------+-------+---------
           D:1 |       0 |      34 |   0.0 |       0 |      20 |   0.0 |   622
           D:2 |       0 |      92 |   0.0 |       0 |      17 |   0.0 |   837
           D:3 |       0 |     101 |   0.0 |       0 |      18 |   0.0 |   962
           D:4 |       0 |     167 |   0.0 |       0 |      14 |   0.0 |   710
           D:5 |       0 |      29 |   0.0 |       0 |       2 |   0.0 |    32
           D:6 |       0 |     122 |   0.0 |       0 |       2 |   0.0 |     5
               +---------+---------+-------+---------+---------+-------+---------
